Havana Tropicals vs Espoo Blues
Created - Saturday, April 8, 2023 at 07:27
Goals
|
| Havana Tropicals |
0 |
1 |
2 |
0 |
1 |
4 |
| Espoo Blues |
2 |
0 |
1 |
0 |
0 |
3 |
|
Shots
|
| Havana Tropicals |
11 |
11 |
8 |
2 |
8 |
32 |
| Espoo Blues |
11 |
15 |
5 |
0 |
8 |
31 |
|
1st period
1. Espoo Blues , Stefan Noesen 17 (Viktor Lodin 2) at 11:26
2. Espoo Blues , Stefan Noesen 18 (Derick Brassard 23, Stuart Skinner) at 15:57 (PP)
Penalties :
Nolan Foote (HAV) for Hooking (Minor) at 1:51, Michael Stone (ESP) for Hooking (Minor) at 8:30, Tucker Poolman (HAV) for Roughing (Minor) at 14:45
2nd period
3. Havana Tropicals , Chris Tierney 13 (Zach Aston-Reese 16) at 8:46 (SH)
Penalties :
Fredrik Karlstrom (ESP) for Fighting (Major) at 2:26, Milan Lucic (HAV) for Fighting (Major) at 2:26, Henrik Borgstrom (HAV) for Cross-checking (Minor) at 4:28, Robert Bortuzzo (HAV) for Holding Stick (Minor) at 8:07
3rd period
4. Havana Tropicals , Teddy Blueger 12 (Philipp Kurashev 8, Robert Bortuzzo 7) at 1:33
5. Havana Tropicals , Emil Bemstrom 7 (Philipp Kurashev 9, Zach Whitecloud 12) at 5:52
6. Espoo Blues , Patric Hornqvist 9 (Mattias Janmark 2, Stefan Noesen 17) at 9:25
Penalties :
Stefan Noesen (ESP) for Interference (Minor) at 6:33, Brendan Lemieux (ESP) for Cross-checking (Minor) at 10:21, Sammy Blais (HAV) for High sticking (Minor) at 13:35
Overtime #1
No Goal
Penalties :
No Penalty
Shootout
Havana Tropicals, Teddy Blueger - Stopped by Stuart Skinner
Espoo Blues, Stefan Noesen - Stopped by Arvid Soderblom
Havana Tropicals, Pierre-Edouard Bellemare - Shot Misses the Net
Espoo Blues, Patric Hornqvist - Stopped by Arvid Soderblom
Havana Tropicals, Chris Tierney - Shot Misses the Net
Espoo Blues, Joe Snively - Stopped by Arvid Soderblom
Havana Tropicals, Zach Aston-Reese - Shot Misses the Net
Espoo Blues, Brendan Lemieux - Stopped by Arvid Soderblom
Havana Tropicals, Milan Lucic - Stopped by Stuart Skinner
Espoo Blues, Viktor Lodin - Stopped by Arvid Soderblom
Havana Tropicals, Pavel Dorofeyev - Shot Misses the Net
Espoo Blues, Derick Brassard - Stopped by Arvid Soderblom
Havana Tropicals, Alexander Nylander - Shot Misses the Net
Espoo Blues, Fredrik Karlstrom - Stopped by Arvid Soderblom
Havana Tropicals, Nolan Foote - Goal!
Espoo Blues, Gavin Bayreuther - Stopped by Arvid Soderblom
Penalties :
No Penalty
Goalie Stats
Arvid Soderblom (HAV), 28 saves from 31 shots - (0.903), W, 3-3-0, 65:00 minutes
Stuart Skinner (ESP), 29 saves from 32 shots - (0.906), OTL, 5-3-1, 65:00 minutes
Players Stats for Havana Tropicals
Player Name G A P +/- PIM S H SB GA TA FO MP PP MP PK MP
------------------------------------------------------------------------------------
Alexander Nylander 0 0 0 0 0 2 0 0 0 1 0/0 7:29 0:00 0:00
Chris Tierney 1 0 1 -1 0 5 1 0 1 0 8/15 18:16 2:32 2:29
Dean Kukan 0 0 0 0 0 1 1 0 0 0 0/0 12:37 0:00 0:00
Dennis Cholowski 0 0 0 0 0 0 0 1 0 0 0/0 14:16 0:00 1:39
Emil Bemstrom 1 0 1 1 0 2 2 0 1 0 0/0 13:20 0:09 0:21
Henrik Borgstrom 0 0 0 0 2 0 1 1 0 1 1/1 8:20 0:00 0:16
Milan Lucic 0 0 0 -2 5 0 1 0 0 1 0/0 13:36 2:32 0:00
Nolan Foote 0 0 0 0 2 1 1 0 0 0 0/0 7:28 0:00 0:00
Pavel Dorofeyev 0 0 0 1 0 2 1 0 0 0 0/0 13:20 0:00 1:08
Philipp Kurashev 0 2 2 1 0 2 0 0 0 0 2/7 12:59 0:12 0:00
Pierre-Edouard Bellemare 0 0 0 1 0 7 0 0 2 1 1/4 24:01 3:16 5:15
Robert Bortuzzo 0 1 1 2 2 0 0 0 0 1 0/0 29:07 3:36 4:49
Sammy Blais 0 0 0 -2 2 1 1 0 0 0 0/1 14:50 2:32 0:00
Teddy Blueger 1 0 1 1 0 4 2 0 0 0 13/34 23:58 3:16 5:15
Timothy Liljegren 0 0 0 -1 0 0 1 0 0 1 0/0 22:30 2:21 2:55
Tucker Poolman 0 0 0 -1 2 1 0 1 0 0 0/0 22:14 2:21 2:40
Zach Aston-Reese 0 1 1 2 0 4 3 0 1 1 0/1 22:32 3:22 3:32
Zach Whitecloud 0 1 1 2 0 0 2 1 0 1 0/0 29:53 3:36 6:13
Players Stats for Espoo Blues
Player Name G A P +/- PIM S H SB GA TA FO MP PP MP PK MP
------------------------------------------------------------------------------------
Anton Blidh 0 0 0 1 0 0 1 0 0 0 0/0 12:30 0:10 0:00
Brendan Lemieux 0 0 0 -2 2 7 1 0 1 0 0/0 16:41 3:42 0:00
Cam York 0 0 0 1 0 2 1 4 0 1 0/0 25:09 3:46 2:31
Chad Ruhwedel 0 0 0 1 0 1 0 1 0 0 0/0 24:14 3:46 2:31
Derek Grant 0 0 0 -2 0 4 0 0 0 0 20/26 22:21 3:42 3:15
Derick Brassard 0 1 1 -1 0 3 1 1 1 1 11/20 23:18 5:16 2:35
Fredrik Karlstrom 0 0 0 1 5 0 2 0 0 0 5/10 11:28 0:00 0:07
Gavin Bayreuther 0 0 0 0 0 0 1 0 0 0 0/0 11:41 0:00 0:40
Joe Snively 0 0 0 -1 0 2 0 1 0 0 0/1 20:33 5:16 0:07
Logan O'Connor 0 0 0 0 0 2 2 0 0 1 0/1 18:40 0:01 3:15
Mattias Janmark 0 1 1 0 0 0 0 0 0 0 0/0 8:07 0:10 2:35
Mattias Samuelsson 0 0 0 -2 0 0 0 0 1 0 0/0 29:53 5:22 3:26
Michael Stone 0 0 0 -2 2 0 0 2 1 0 0/0 27:31 5:22 2:14
Patric Hornqvist 1 0 1 1 0 3 1 0 0 0 1/2 15:04 3:42 0:00
Ridly Greig 0 0 0 1 0 0 1 0 0 0 0/0 5:24 0:00 0:00
Stefan Noesen 2 1 3 -2 2 5 4 0 3 1 0/1 24:33 5:25 0:00
Urho Vaakanainen 0 0 0 0 0 1 0 1 0 1 0/0 11:33 0:00 0:32
Viktor Lodin 0 1 1 1 0 1 1 0 1 0 1/2 5:19 0:00 0:00
3 Stars
1 - Stefan Noesen (ESP)
2 - Teddy Blueger (HAV)
3 - Emil Bemstrom (HAV)
Power Play
Havana Tropicals - 0 on 3 Attempt(s) - 0.00%
Espoo Blues - 1 on 5 Attempt(s) - 20.00%
Penalty Kill
Havana Tropicals - 4 on 5 Attempt(s) - 80.00%
- Score 1 goal in Penalty Kill
Espoo Blues - 3 on 3 Attempt(s) - 100.00%
- Score 0 goal in Penalty Kill
Team Stat
Havana Tropicals - Hits : 17 - Faceoff Wins : 25 - Blocked Shots : 4 - Penalty Minutes : 15
Espoo Blues - Hits : 16 - Faceoff Wins : 38 - Blocked Shots : 10 - Penalty Minutes : 11
Official
Referees : Unknown
Linesman : Unknown
Game Notes
2:37 of 1st period - Espoo Blues goal is going for a video replay. After video review, No Goal. The puck has been directed, batted or thrown into the net by an attacking player other than with a stick.
Fredrik Karlstrom and Milan Lucic fight to a draw at 2:26 of 2nd period
Havana Tropicals
5 vs 5 Forward
Center Left Wing Right Wing Time % Phy DF OF
1 Teddy Blueger Pierre-Edouard Bellemare Zach Aston-Reese 40 1 2 2
2 Chris Tierney Milan Lucic Sammy Blais 30 1 2 2
3 Philipp Kurashev Emil Bemstrom Pavel Dorofeyev 20 1 2 2
4 Henrik Borgstrom Nolan Foote Alexander Nylander 10 1 2 2
5 vs 5 Defense
Defense Defense Time % Phy DF OF
1 Zach Whitecloud Robert Bortuzzo 40 1 2 2
2 Tucker Poolman Timothy Liljegren 30 1 2 2
3 Dean Kukan Dennis Cholowski 20 1 2 2
4 Zach Whitecloud Robert Bortuzzo 10 1 2 2
PowerPlay Forward
Center Left Wing Right Wing Time % Phy DF OF
1 Teddy Blueger Pierre-Edouard Bellemare Zach Aston-Reese 60 1 2 2
2 Chris Tierney Milan Lucic Sammy Blais 40 1 2 2
PowerPlay Defense
Defense Defense Time % Phy DF OF
1 Zach Whitecloud Robert Bortuzzo 60 1 2 2
2 Tucker Poolman Timothy Liljegren 40 1 2 2
Penalty Kill 4 Players Forward
Center Wing Time % Phy DF OF
1 Teddy Blueger Pierre-Edouard Bellemare 60 1 2 2
2 Chris Tierney Zach Aston-Reese 40 1 2 2
Penalty Kill 4 Players Defense
Defense Defense Time % Phy DF OF
1 Zach Whitecloud Robert Bortuzzo 60 1 2 2
2 Tucker Poolman Timothy Liljegren 40 1 2 2
Penalty Kill - 3 Players Forward
Forward Time % Phy DF OF
1 Teddy Blueger 60 1 2 2
2 Pierre-Edouard Bellemare 40 1 2 2
Penalty Kill - 3 Players Defense
Defense Defense Time % Phy DF OF
1 Zach Whitecloud Robert Bortuzzo 60 1 2 2
2 Tucker Poolman Timothy Liljegren 40 1 2 2
4 vs 4 Forward
Center Wing Time % Phy DF OF
1 Teddy Blueger Pierre-Edouard Bellemare 60 1 2 2
2 Chris Tierney Zach Aston-Reese 40 1 2 2
4 vs 4 Defense
Defense Defense Time % Phy DF OF
1 Zach Whitecloud Robert Bortuzzo 60 1 2 2
2 Tucker Poolman Timothy Liljegren 40 1 2 2
Last Minutes Offensive
Center Left Wing Right Wing Defense Defense
Teddy Blueger Pierre-Edouard Bellemare Zach Aston-Reese Zach Whitecloud Robert Bortuzzo
Last Minutes Defensive
Center Left Wing Right Wing Defense Defense
Teddy Blueger Pierre-Edouard Bellemare Zach Aston-Reese Zach Whitecloud Robert Bortuzzo
Goaltenders
Starting : Arvid Soderblom
Backup : Eric Comrie
Extra Forwards
Normal : Philipp Kurashev, Emil Bemstrom, Pavel Dorofeyev - PP : Philipp Kurashev, Emil Bemstrom - PK : Pavel Dorofeyev
Extra Defensemen
Normal : Dean Kukan, Dennis Cholowski, Tucker Poolman - PP : Dean Kukan - PK : Dennis Cholowski, Tucker Poolman
Penalty Shots
Teddy Blueger, Pierre-Edouard Bellemare, Chris Tierney, Zach Aston-Reese, Milan Lucic
Espoo Blues
5 vs 5 Forward
Center Left Wing Right Wing Time % Phy DF OF
1 Derick Brassard Joe Snively Logan O'Connor 37 1 1 2
2 Derek Grant Brendan Lemieux Stefan Noesen 36 1 2 2
3 Fredrik Karlstrom Anton Blidh Patric Hornqvist 22 1 2 2
4 Viktor Lodin Ridly Greig Stefan Noesen 5 1 2 2
5 vs 5 Defense
Defense Defense Time % Phy DF OF
1 Mattias Samuelsson Michael Stone 41 1 2 2
2 Chad Ruhwedel Cam York 32 1 2 2
3 Urho Vaakanainen Gavin Bayreuther 20 1 2 2
4 Mattias Samuelsson Cam York 7 1 2 2
PowerPlay Forward
Center Left Wing Right Wing Time % Phy DF OF
1 Derick Brassard Joe Snively Stefan Noesen 62 1 2 2
2 Derek Grant Brendan Lemieux Patric Hornqvist 38 1 2 2
PowerPlay Defense
Defense Defense Time % Phy DF OF
1 Mattias Samuelsson Michael Stone 60 1 2 2
2 Chad Ruhwedel Cam York 40 1 2 2
Penalty Kill 4 Players Forward
Center Wing Time % Phy DF OF
1 Derek Grant Logan O'Connor 60 1 2 2
2 Derick Brassard Mattias Janmark 40 1 2 2
Penalty Kill 4 Players Defense
Defense Defense Time % Phy DF OF
1 Mattias Samuelsson Michael Stone 60 1 2 2
2 Chad Ruhwedel Cam York 40 1 2 2
Penalty Kill - 3 Players Forward
Forward Time % Phy DF OF
1 Derek Grant 60 1 2 2
2 Derick Brassard 40 1 2 2
Penalty Kill - 3 Players Defense
Defense Defense Time % Phy DF OF
1 Mattias Samuelsson Michael Stone 60 1 2 2
2 Chad Ruhwedel Cam York 40 1 2 2
4 vs 4 Forward
Center Wing Time % Phy DF OF
1 Derek Grant Stefan Noesen 60 1 2 2
2 Derick Brassard Joe Snively 40 1 2 2
4 vs 4 Defense
Defense Defense Time % Phy DF OF
1 Mattias Samuelsson Michael Stone 60 1 2 2
2 Chad Ruhwedel Cam York 40 1 2 2
Last Minutes Offensive
Center Left Wing Right Wing Defense Defense
Derek Grant Joe Snively Stefan Noesen Mattias Samuelsson Michael Stone
Last Minutes Defensive
Center Left Wing Right Wing Defense Defense
Derek Grant Derick Brassard Logan O'Connor Mattias Samuelsson Michael Stone
Goaltenders
Starting : Stuart Skinner
Backup : Spencer Knight
Extra Forwards
Normal : Stefan Noesen, Joe Snively, Derick Brassard - PP : Stefan Noesen, Joe Snively - PK : Logan O'Connor
Extra Defensemen
Normal : Cam York, Mattias Samuelsson, Michael Stone - PP : Michael Stone - PK : Urho Vaakanainen, Gavin Bayreuther
Penalty Shots
Stefan Noesen, Patric Hornqvist, Joe Snively, Brendan Lemieux, Viktor Lodin
% Time on Ice - Havana Tropicals
Lines # - Real PCT - Wanted PCT - Time Play
Normal Forward
1 - 33% - 40% - 14:53
2 - 28% - 30% - 12:34
3 - 22% - 20% - 9:59
4 - 17% - 10% - 7:29
Normal Defense
1 - 37% - 40% - 16:31
2 - 34% - 30% - 15:11
3 - 26% - 20% - 11:50
4 - 3% - 10% - 1:23
PP Forward
1 - 57% - 60% - 3:25
2 - 43% - 40% - 2:32
PP Defense
1 - 61% - 60% - 3:36
2 - 39% - 40% - 2:21
PK Forward
1 - 73% - 60% - 6:39
2 - 27% - 40% - 2:29
PK Defense
1 - 68% - 60% - 6:13
2 - 32% - 40% - 2:55
PK3 Forward
1 - 0% - 60%
2 - 0% - 40%
PK3 Defense
1 - 0% - 60%
2 - 0% - 40%
44 Forward
1 - 80% - 60% - 4:00
2 - 20% - 40% - 1:00
44 Defense
1 - 59% - 60% - 2:57
2 - 41% - 40% - 2:03
Last Minute Offensive - 0:00
Last Minute Defensive - 0:00
Total
Forward - 65:00
Defense - 65:00
|
% Time on Ice - Espoo Blues
Lines # - Real PCT - Wanted PCT - Time Play
Normal Forward
1 - 31% - 37% - 13:59
2 - 34% - 36% - 15:20
3 - 23% - 22% - 10:17
4 - 12% - 5% - 5:19
Normal Defense
1 - 40% - 41% - 17:53
2 - 35% - 32% - 15:44
3 - 23% - 20% - 10:13
4 - 2% - 7% - 1:05
PP Forward
1 - 59% - 62% - 5:26
2 - 41% - 38% - 3:42
PP Defense
1 - 59% - 60% - 5:22
2 - 41% - 40% - 3:46
PK Forward
1 - 82% - 60% - 4:53
2 - 18% - 40% - 1:04
PK Defense
1 - 58% - 60% - 3:26
2 - 42% - 40% - 2:31
PK3 Forward
1 - 0% - 60%
2 - 0% - 40%
PK3 Defense
1 - 0% - 60%
2 - 0% - 40%
44 Forward
1 - 93% - 60% - 4:40
2 - 7% - 40% - 0:20
44 Defense
1 - 50% - 60% - 2:30
2 - 50% - 40% - 2:30
Last Minute Offensive - 0:00
Last Minute Defensive - 0:00
Total
Forward - 65:00
Defense - 65:00
|
Play-by-Play
1st period
0:01 of 1st period - Derick Brassard wins face-off versus Teddy Blueger in neutral zone.
0:10 of 1st period - Wrist shot by Joe Snively.
0:10 of 1st period - Stopped by Arvid Soderblom without a rebound.
0:11 of 1st period - Derek Grant wins face-off versus Chris Tierney in Havana Tropicals zone.
0:14 of 1st period - Slapshot by Stefan Noesen.
0:14 of 1st period - Shot Misses the Net.
0:16 of 1st period - Slapshot by Cam York.
0:16 of 1st period - Stopped by Arvid Soderblom with a rebound.
0:18 of 1st period - Wrist shot by Brendan Lemieux.
0:18 of 1st period - Deflect By Derek Grant.
0:18 of 1st period - Shot Misses the Net.
0:18 of 1st period - Puck is out of play.
0:19 of 1st period - Chris Tierney wins face-off versus Stefan Noesen in Havana Tropicals zone.
0:19 of 1st period - Milan Lucic is hit by Cam York.
0:42 of 1st period - Icing by Chad Ruhwedel.
0:43 of 1st period - Derek Grant wins face-off versus Philipp Kurashev in Espoo Blues zone.
0:49 of 1st period - Off-side.
0:50 of 1st period - Philipp Kurashev wins face-off versus Fredrik Karlstrom in neutral zone.
1:05 of 1st period - Snap shot by Philipp Kurashev.
1:05 of 1st period - Shot Misses the Net.
1:49 of 1st period - Snap shot by Viktor Lodin.
1:49 of 1st period - Shot Misses the Net.
1:51 of 1st period - Minor Penalty to Nolan Foote for Hooking.
1:52 of 1st period - Derick Brassard wins face-off versus Pierre-Edouard Bellemare in Havana Tropicals zone.
2:07 of 1st period - Snap shot by Derick Brassard.
2:07 of 1st period - Stopped by Arvid Soderblom without a rebound.
2:08 of 1st period - Derek Grant wins face-off versus Teddy Blueger in Havana Tropicals zone.
2:23 of 1st period - Wrist shot by Derek Grant.
2:23 of 1st period - Stopped by Arvid Soderblom without a rebound.
2:24 of 1st period - Chris Tierney wins face-off versus Derick Brassard in Havana Tropicals zone.
2:35 of 1st period - Wrist shot by Stefan Noesen.
2:35 of 1st period - Stopped by Arvid Soderblom with a rebound.
2:37 of 1st period - Slapshot by Stefan Noesen.
2:37 of 1st period - Espoo Blues goal is going for a video replay.
2:37 of 1st period - The goal is refused. The puck has been directed, batted or thrown into the net by an attacking player other than with a stick..
2:38 of 1st period - Chris Tierney wins face-off versus Derick Brassard in Havana Tropicals zone.
3:51 of 1st period - Penalty to Nolan Foote is over, Nolan Foote is back on ice.
4:45 of 1st period - Snap shot by Pierre-Edouard Bellemare.
4:45 of 1st period - Shot Blocked by Cam York.
4:47 of 1st period - Slapshot by Teddy Blueger.
4:47 of 1st period - Stopped by Stuart Skinner with a rebound.
4:49 of 1st period - Wrist shot by Pierre-Edouard Bellemare.
4:49 of 1st period - Stopped by Stuart Skinner without a rebound.
4:50 of 1st period - Viktor Lodin wins face-off versus Teddy Blueger in Espoo Blues zone.
4:50 of 1st period - Viktor Lodin is hit by Zach Aston-Reese.
5:12 of 1st period - Zach Whitecloud is hit by Anton Blidh and loses puck.
5:53 of 1st period - Snap shot by Pierre-Edouard Bellemare.
5:53 of 1st period - Shot Blocked by Chad Ruhwedel.
6:11 of 1st period - Slapshot by Zach Aston-Reese.
6:11 of 1st period - Stopped by Stuart Skinner without a rebound.
6:12 of 1st period - Chris Tierney wins face-off versus Derek Grant in Espoo Blues zone.
6:39 of 1st period - Michael Stone is hit by Pavel Dorofeyev.
7:20 of 1st period - Tucker Poolman is hit by Fredrik Karlstrom and loses puck.
8:30 of 1st period - Minor Penalty to Michael Stone for Hooking.
8:31 of 1st period - Teddy Blueger wins face-off versus Derek Grant in Espoo Blues zone.
8:32 of 1st period - Slapshot by Pierre-Edouard Bellemare.
8:32 of 1st period - Stopped by Stuart Skinner without a rebound.
8:33 of 1st period - Derek Grant wins face-off versus Pierre-Edouard Bellemare in Espoo Blues zone.
8:46 of 1st period - Slapshot by Teddy Blueger.
8:46 of 1st period - Shot Misses the Net.
8:48 of 1st period - Slapshot by Zach Whitecloud.
8:48 of 1st period - Shot Misses the Net.
10:30 of 1st period - Penalty to Michael Stone is over, Michael Stone is back on ice.
10:37 of 1st period - Patric Hornqvist is hit by Nolan Foote and loses puck.
10:42 of 1st period - Snap shot by Nolan Foote.
10:42 of 1st period - Stopped by Stuart Skinner with a rebound.
10:44 of 1st period - Wrist shot by Alexander Nylander.
10:44 of 1st period - Stopped by Stuart Skinner with a rebound.
10:56 of 1st period - Anton Blidh is hit by Emil Bemstrom and loses puck.
11:15 of 1st period - Wrist shot by Viktor Lodin.
11:15 of 1st period - Stopped by Arvid Soderblom without a rebound.
11:16 of 1st period - Chris Tierney wins face-off versus Viktor Lodin in Havana Tropicals zone.
11:16 of 1st period - Chris Tierney is hit by Ridly Greig.
11:24 of 1st period - Slapshot by Stefan Noesen.
11:24 of 1st period - Shot Misses the Net.
11:26 of 1st period - Snap shot by Stefan Noesen.
11:26 of 1st period - Goal by Stefan Noesen - Havana Tropicals : 0 - Espoo Blues : 1.
11:27 of 1st period - Teddy Blueger wins face-off versus Derek Grant in neutral zone.
11:30 of 1st period - Michael Stone is hit by Zach Whitecloud and loses puck.
11:38 of 1st period - Off-side.
11:39 of 1st period - Teddy Blueger wins face-off versus Derek Grant in neutral zone.
12:04 of 1st period - Michael Stone is hit by Sammy Blais and loses puck.
13:36 of 1st period - Off-side.
13:37 of 1st period - Fredrik Karlstrom wins face-off versus Teddy Blueger in neutral zone.
14:02 of 1st period - Icing by Pierre-Edouard Bellemare.
14:03 of 1st period - Derick Brassard wins face-off versus Teddy Blueger in Havana Tropicals zone.
14:22 of 1st period - Pierre-Edouard Bellemare is hit by Logan O'Connor.
14:28 of 1st period - Wrist shot by Pierre-Edouard Bellemare.
14:28 of 1st period - Stopped by Stuart Skinner with a rebound.
14:40 of 1st period - Wrist shot by Derek Grant.
14:40 of 1st period - Stopped by Arvid Soderblom without a rebound.
14:41 of 1st period - Derek Grant wins face-off versus Chris Tierney in Havana Tropicals zone.
14:45 of 1st period - Minor Penalty to Tucker Poolman for Roughing.
14:46 of 1st period - Derick Brassard wins face-off versus Teddy Blueger in Havana Tropicals zone.
15:33 of 1st period - Snap shot by Stefan Noesen.
15:33 of 1st period - Shot Misses the Net.
15:35 of 1st period - Snap shot by Derick Brassard.
15:35 of 1st period - Stopped by Arvid Soderblom with a rebound.
15:55 of 1st period - Slapshot by Stefan Noesen.
15:55 of 1st period - Shot Misses the Net.
15:57 of 1st period - Wrist shot by Stefan Noesen.
15:57 of 1st period - Goal by Stefan Noesen - Havana Tropicals : 0 - Espoo Blues : 2.
15:58 of 1st period - Chris Tierney wins face-off versus Fredrik Karlstrom in neutral zone.
16:23 of 1st period - Pavel Dorofeyev is hit by Brendan Lemieux and loses puck.
16:48 of 1st period - Snap shot by Teddy Blueger.
16:48 of 1st period - Shot Misses the Net.
18:11 of 1st period - Henrik Borgstrom is hit by Viktor Lodin and loses puck.
18:26 of 1st period - Slapshot by Chris Tierney.
18:26 of 1st period - Shot Blocked by Joe Snively.
18:28 of 1st period - Snap shot by Dean Kukan.
18:28 of 1st period - Stopped by Stuart Skinner without a rebound.
18:29 of 1st period - Teddy Blueger wins face-off versus Derick Brassard in Espoo Blues zone.
18:30 of 1st period - Snap shot by Zach Aston-Reese.
18:30 of 1st period - Shot Misses the Net.
18:32 of 1st period - Slapshot by Zach Whitecloud.
18:32 of 1st period - Shot Blocked by Michael Stone.
18:34 of 1st period - Slapshot by Zach Aston-Reese.
18:34 of 1st period - Stopped by Stuart Skinner without a rebound.
18:35 of 1st period - Teddy Blueger wins face-off versus Derick Brassard in Espoo Blues zone.
18:36 of 1st period - Slapshot by Zach Aston-Reese.
18:36 of 1st period - Shot Blocked by Michael Stone.
18:41 of 1st period - Off-side.
18:42 of 1st period - Derick Brassard wins face-off versus Zach Aston-Reese in neutral zone.
18:57 of 1st period - Snap shot by Pierre-Edouard Bellemare.
18:57 of 1st period - Stopped by Stuart Skinner without a rebound.
18:58 of 1st period - Derek Grant wins face-off versus Chris Tierney in Espoo Blues zone.
19:23 of 1st period - Derick Brassard is hit by Zach Whitecloud and loses puck.
19:58 of 1st period - Wrist shot by Alexander Nylander.
19:58 of 1st period - Stopped by Stuart Skinner with a rebound.
Goals for this period are 0 for Havana Tropicals vs 2 for Espoo Blues.
Shots for this period are 11 for Havana Tropicals vs 11 for Espoo Blues.
2nd period
0:01 of 2nd period - Derek Grant wins face-off versus Teddy Blueger in neutral zone.
0:04 of 2nd period - Zach Aston-Reese is hit by Stefan Noesen.
0:30 of 2nd period - Mattias Samuelsson is hit by Zach Aston-Reese and loses puck.
1:03 of 2nd period - Snap shot by Brendan Lemieux.
1:03 of 2nd period - Stopped by Arvid Soderblom without a rebound.
1:04 of 2nd period - Derick Brassard wins face-off versus Sammy Blais in Havana Tropicals zone.
1:11 of 2nd period - Wrist shot by Derick Brassard.
1:11 of 2nd period - Shot Blocked by Tucker Poolman.
2:04 of 2nd period - Icing by Emil Bemstrom.
2:05 of 2nd period - Philipp Kurashev wins face-off versus Patric Hornqvist in Havana Tropicals zone.
2:13 of 2nd period - Off-side.
2:14 of 2nd period - Fredrik Karlstrom wins face-off versus Chris Tierney in neutral zone.
2:26 of 2nd period - Fredrik Karlstrom and Milan Lucic fight to a draw.
2:26 of 2nd period - Penalty to Fredrik Karlstrom for Fighting.
2:26 of 2nd period - Penalty to Milan Lucic for Fighting.
2:27 of 2nd period - Derek Grant wins face-off versus Teddy Blueger in Havana Tropicals zone.
2:35 of 2nd period - Wrist shot by Brendan Lemieux.
2:35 of 2nd period - Stopped by Arvid Soderblom with a rebound.
2:37 of 2nd period - Slapshot by Michael Stone.
2:37 of 2nd period - Deflect By Stefan Noesen.
2:37 of 2nd period - Shot Misses the Net.
2:37 of 2nd period - Puck is out of play.
2:38 of 2nd period - Derek Grant wins face-off versus Chris Tierney in Havana Tropicals zone.
2:43 of 2nd period - Snap shot by Brendan Lemieux.
2:43 of 2nd period - Stopped by Arvid Soderblom with a rebound.
3:28 of 2nd period - Wrist shot by Patric Hornqvist.
3:28 of 2nd period - Stopped by Arvid Soderblom with a rebound.
3:30 of 2nd period - Slapshot by Urho Vaakanainen.
3:30 of 2nd period - Stopped by Arvid Soderblom with a rebound.
3:59 of 2nd period - Snap shot by Chris Tierney.
3:59 of 2nd period - Stopped by Stuart Skinner with a rebound.
4:01 of 2nd period - Backhand shot by Zach Whitecloud.
4:01 of 2nd period - Deflect By Sammy Blais.
4:01 of 2nd period - Stopped by Stuart Skinner without a rebound.
4:02 of 2nd period - Chris Tierney wins face-off versus Joe Snively in Espoo Blues zone.
4:28 of 2nd period - Minor Penalty to Henrik Borgstrom for Cross-checking.
4:29 of 2nd period - Teddy Blueger wins face-off versus Derick Brassard in Havana Tropicals zone.
5:04 of 2nd period - Wrist shot by Patric Hornqvist.
5:04 of 2nd period - Stopped by Arvid Soderblom with a rebound.
5:28 of 2nd period - Wrist shot by Zach Aston-Reese.
5:28 of 2nd period - Shot Misses the Net.
6:28 of 2nd period - Penalty to Henrik Borgstrom is over, Henrik Borgstrom is back on ice.
6:59 of 2nd period - Snap shot by Chris Tierney.
6:59 of 2nd period - Stopped by Stuart Skinner with a rebound.
7:47 of 2nd period - Viktor Lodin is hit by Chris Tierney and loses puck.
8:07 of 2nd period - Minor Penalty to Robert Bortuzzo for Holding Stick.
8:08 of 2nd period - Derek Grant wins face-off versus Teddy Blueger in Havana Tropicals zone.
8:11 of 2nd period - Snap shot by Derek Grant.
8:11 of 2nd period - Stopped by Arvid Soderblom without a rebound.
8:12 of 2nd period - Patric Hornqvist wins face-off versus Teddy Blueger in Havana Tropicals zone.
8:42 of 2nd period - Off-side.
8:43 of 2nd period - Chris Tierney wins face-off versus Derick Brassard in neutral zone.
8:46 of 2nd period - Snap shot by Chris Tierney.
8:46 of 2nd period - Goal by Chris Tierney - Havana Tropicals : 1 - Espoo Blues : 2.
8:47 of 2nd period - Derick Brassard wins face-off versus Pierre-Edouard Bellemare in neutral zone.
8:58 of 2nd period - Zach Whitecloud is hit by Stefan Noesen and loses puck.
10:07 of 2nd period - Penalty to Robert Bortuzzo is over, Robert Bortuzzo is back on ice.
10:49 of 2nd period - Brendan Lemieux is hit by Dean Kukan.
11:09 of 2nd period - Snap shot by Logan O'Connor.
11:09 of 2nd period - Stopped by Arvid Soderblom with a rebound.
11:11 of 2nd period - Backhand shot by Chad Ruhwedel.
11:11 of 2nd period - Shot Blocked by Dennis Cholowski.
11:18 of 2nd period - Icing by Dean Kukan.
11:19 of 2nd period - Derek Grant wins face-off versus Chris Tierney in Havana Tropicals zone.
11:22 of 2nd period - Snap shot by Stefan Noesen.
11:22 of 2nd period - Shot Misses the Net.
11:24 of 2nd period - Wrist shot by Stefan Noesen.
11:24 of 2nd period - Stopped by Arvid Soderblom with a rebound.
11:45 of 2nd period - Slapshot by Chris Tierney.
11:45 of 2nd period - Stopped by Stuart Skinner without a rebound.
11:46 of 2nd period - Derick Brassard wins face-off versus Philipp Kurashev in Espoo Blues zone.
11:51 of 2nd period - Wrist shot by Logan O'Connor.
11:51 of 2nd period - Stopped by Arvid Soderblom without a rebound.
11:52 of 2nd period - Derick Brassard wins face-off versus Philipp Kurashev in Havana Tropicals zone.
12:21 of 2nd period - Snap shot by Anton Blidh.
12:21 of 2nd period - Deflect By Patric Hornqvist.
12:21 of 2nd period - Shot Misses the Net.
12:21 of 2nd period - Puck is out of play.
12:22 of 2nd period - Fredrik Karlstrom wins face-off versus Teddy Blueger in Havana Tropicals zone.
12:28 of 2nd period - Off-side.
12:29 of 2nd period - Teddy Blueger wins face-off versus Derek Grant in neutral zone.
13:16 of 2nd period - Snap shot by Emil Bemstrom.
13:16 of 2nd period - Stopped by Stuart Skinner with a rebound.
13:18 of 2nd period - Wrist shot by Pavel Dorofeyev.
13:18 of 2nd period - Stopped by Stuart Skinner with a rebound.
13:20 of 2nd period - Snap shot by Tucker Poolman.
13:20 of 2nd period - Shot Misses the Net.
13:25 of 2nd period - Wrist shot by Pavel Dorofeyev.
13:25 of 2nd period - Stopped by Stuart Skinner with a rebound.
13:40 of 2nd period - Alexander Nylander is hit by Stefan Noesen and loses puck.
13:49 of 2nd period - Cam York is hit by Henrik Borgstrom and loses puck.
14:02 of 2nd period - Wrist shot by Brendan Lemieux.
14:02 of 2nd period - Stopped by Arvid Soderblom with a rebound.
14:18 of 2nd period - Snap shot by Derek Grant.
14:18 of 2nd period - Shot Blocked by Henrik Borgstrom.
14:20 of 2nd period - Slapshot by Cam York.
14:20 of 2nd period - Shot Misses the Net.
14:22 of 2nd period - Backhand shot by Chad Ruhwedel.
14:22 of 2nd period - Stopped by Arvid Soderblom with a rebound.
14:24 of 2nd period - Snap shot by Cam York.
14:24 of 2nd period - Deflect By Brendan Lemieux.
14:24 of 2nd period - Stopped by Arvid Soderblom with a rebound.
14:28 of 2nd period - Snap shot by Brendan Lemieux.
14:28 of 2nd period - Stopped by Arvid Soderblom with a rebound.
14:30 of 2nd period - Snap shot by Stefan Noesen.
14:30 of 2nd period - Shot Misses the Net.
14:44 of 2nd period - Snap shot by Derek Grant.
14:44 of 2nd period - Stopped by Arvid Soderblom with a rebound.
14:46 of 2nd period - Snap shot by Brendan Lemieux.
14:46 of 2nd period - Shot Blocked by Zach Whitecloud.
15:14 of 2nd period - Slapshot by Robert Bortuzzo.
15:14 of 2nd period - Shot Misses the Net.
15:29 of 2nd period - Off-side.
15:30 of 2nd period - Teddy Blueger wins face-off versus Logan O'Connor in neutral zone.
15:57 of 2nd period - Anton Blidh is hit by Timothy Liljegren and loses puck.
16:37 of 2nd period - Wrist shot by Pierre-Edouard Bellemare.
16:37 of 2nd period - Stopped by Stuart Skinner with a rebound.
16:39 of 2nd period - Snap shot by Zach Aston-Reese.
16:39 of 2nd period - Stopped by Stuart Skinner with a rebound.
16:41 of 2nd period - Wrist shot by Teddy Blueger.
16:41 of 2nd period - Stopped by Stuart Skinner with a rebound.
17:26 of 2nd period - Michael Stone is hit by Teddy Blueger and loses puck.
19:19 of 2nd period - Chris Tierney is hit by Gavin Bayreuther and loses puck.
Goals for this period are 1 for Havana Tropicals vs 0 for Espoo Blues.
Shots for this period are 11 for Havana Tropicals vs 15 for Espoo Blues.
3rd period
0:01 of 3rd period - Derek Grant wins face-off versus Teddy Blueger in neutral zone.
0:44 of 3rd period - Off-side.
0:45 of 3rd period - Fredrik Karlstrom wins face-off versus Philipp Kurashev in neutral zone.
0:48 of 3rd period - Slapshot by Cam York.
0:48 of 3rd period - Stopped by Arvid Soderblom with a rebound.
1:21 of 3rd period - Snap shot by Joe Snively.
1:21 of 3rd period - Shot Misses the Net.
1:23 of 3rd period - Slapshot by Derick Brassard.
1:23 of 3rd period - Stopped by Arvid Soderblom with a rebound.
1:33 of 3rd period - Slapshot by Teddy Blueger.
1:33 of 3rd period - Goal by Teddy Blueger - Havana Tropicals : 2 - Espoo Blues : 2.
1:34 of 3rd period - Derek Grant wins face-off versus Teddy Blueger in neutral zone.
1:47 of 3rd period - Snap shot by Brendan Lemieux.
1:47 of 3rd period - Shot Misses the Net.
1:50 of 3rd period - Icing by Pierre-Edouard Bellemare.
1:51 of 3rd period - Teddy Blueger wins face-off versus Derick Brassard in Havana Tropicals zone.
2:36 of 3rd period - Off-side.
2:37 of 3rd period - Fredrik Karlstrom wins face-off versus Philipp Kurashev in neutral zone.
3:05 of 3rd period - Icing by Zach Whitecloud.
3:06 of 3rd period - Teddy Blueger wins face-off versus Derick Brassard in Havana Tropicals zone.
4:00 of 3rd period - Snap shot by Philipp Kurashev.
4:00 of 3rd period - Stopped by Stuart Skinner without a rebound.
4:01 of 3rd period - Derick Brassard wins face-off versus Teddy Blueger in Espoo Blues zone.
4:10 of 3rd period - Logan O'Connor is hit by Teddy Blueger and loses puck.
4:15 of 3rd period - Slapshot by Zach Aston-Reese.
4:15 of 3rd period - Deflect By Pierre-Edouard Bellemare.
4:15 of 3rd period - Shot Blocked by Derick Brassard.
4:15 of 3rd period - Puck is out of play.
4:16 of 3rd period - Derek Grant wins face-off versus Chris Tierney in Espoo Blues zone.
5:38 of 3rd period - Snap shot by Emil Bemstrom.
5:38 of 3rd period - Shot Misses the Net.
5:52 of 3rd period - Slapshot by Emil Bemstrom.
5:52 of 3rd period - Goal by Emil Bemstrom - Havana Tropicals : 3 - Espoo Blues : 2.
5:53 of 3rd period - Teddy Blueger wins face-off versus Derick Brassard in neutral zone.
6:18 of 3rd period - Brendan Lemieux is hit by Milan Lucic and loses puck.
6:33 of 3rd period - Minor Penalty to Stefan Noesen for Interference.
6:34 of 3rd period - Derek Grant wins face-off versus Teddy Blueger in Espoo Blues zone.
7:26 of 3rd period - Icing by Teddy Blueger.
7:27 of 3rd period - Derek Grant wins face-off versus Teddy Blueger in Havana Tropicals zone.
8:33 of 3rd period - Penalty to Stefan Noesen is over, Stefan Noesen is back on ice.
8:38 of 3rd period - Snap shot by Philipp Kurashev.
8:38 of 3rd period - Stopped by Stuart Skinner with a rebound.
8:40 of 3rd period - Slapshot by Tucker Poolman.
8:40 of 3rd period - Stopped by Stuart Skinner with a rebound.
9:25 of 3rd period - Snap shot by Patric Hornqvist.
9:25 of 3rd period - Goal by Patric Hornqvist - Havana Tropicals : 3 - Espoo Blues : 3.
9:26 of 3rd period - Pierre-Edouard Bellemare wins face-off versus Fredrik Karlstrom in neutral zone.
9:31 of 3rd period - Wrist shot by Pierre-Edouard Bellemare.
9:31 of 3rd period - Stopped by Stuart Skinner with a rebound.
9:33 of 3rd period - Snap shot by Pierre-Edouard Bellemare.
9:33 of 3rd period - Deflect By Teddy Blueger.
9:33 of 3rd period - Shot Misses the Net.
9:33 of 3rd period - Puck is out of play.
9:34 of 3rd period - Teddy Blueger wins face-off versus Fredrik Karlstrom in Espoo Blues zone.
9:49 of 3rd period - Wrist shot by Pierre-Edouard Bellemare.
9:49 of 3rd period - Stopped by Stuart Skinner with a rebound.
10:21 of 3rd period - Minor Penalty to Brendan Lemieux for Cross-checking.
10:22 of 3rd period - Derek Grant wins face-off versus Teddy Blueger in Espoo Blues zone.
10:29 of 3rd period - Slapshot by Teddy Blueger.
10:29 of 3rd period - Shot Blocked by Cam York.
10:31 of 3rd period - Slapshot by Teddy Blueger.
10:31 of 3rd period - Shot Blocked by Cam York.
10:33 of 3rd period - Slapshot by Teddy Blueger.
10:33 of 3rd period - Stopped by Stuart Skinner without a rebound.
10:34 of 3rd period - Teddy Blueger wins face-off versus Derek Grant in Espoo Blues zone.
12:21 of 3rd period - Penalty to Brendan Lemieux is over, Brendan Lemieux is back on ice.
12:38 of 3rd period - Slapshot by Brendan Lemieux.
12:38 of 3rd period - Shot Misses the Net.
12:40 of 3rd period - Snap shot by Logan O'Connor.
12:40 of 3rd period - Deflect By Derek Grant.
12:40 of 3rd period - Shot Misses the Net.
12:40 of 3rd period - Puck is out of play.
12:41 of 3rd period - Henrik Borgstrom wins face-off versus Fredrik Karlstrom in Havana Tropicals zone.
13:06 of 3rd period - Tucker Poolman is hit by Stefan Noesen and loses puck.
13:27 of 3rd period - Snap shot by Joe Snively.
13:27 of 3rd period - Stopped by Arvid Soderblom with a rebound.
13:35 of 3rd period - Minor Penalty to Sammy Blais for High sticking.
13:36 of 3rd period - Derick Brassard wins face-off versus Teddy Blueger in Havana Tropicals zone.
13:39 of 3rd period - Wrist shot by Derick Brassard.
13:39 of 3rd period - Shot Misses the Net.
14:09 of 3rd period - Snap shot by Brendan Lemieux.
14:09 of 3rd period - Stopped by Arvid Soderblom with a rebound.
14:45 of 3rd period - Timothy Liljegren is hit by Patric Hornqvist and loses puck.
14:56 of 3rd period - Pavel Dorofeyev is hit by Derick Brassard and loses puck.
15:35 of 3rd period - Penalty to Sammy Blais is over, Sammy Blais is back on ice.
15:40 of 3rd period - Sammy Blais is hit by Logan O'Connor and loses puck.
16:02 of 3rd period - Snap shot by Chris Tierney.
16:02 of 3rd period - Shot Blocked by Urho Vaakanainen.
19:28 of 3rd period - Philipp Kurashev is hit by Fredrik Karlstrom.
19:32 of 3rd period - Patric Hornqvist is hit by Emil Bemstrom and loses puck.
Goals for this period are 2 for Havana Tropicals vs 1 for Espoo Blues.
Shots for this period are 8 for Havana Tropicals vs 5 for Espoo Blues.
Overtime #1
0:01 of 1st overtime period - Derek Grant wins face-off versus Teddy Blueger in neutral zone.
0:48 of 1st overtime period - Wrist shot by Chris Tierney.
0:48 of 1st overtime period - Shot Blocked by Cam York.
0:50 of 1st overtime period - Snap shot by Zach Aston-Reese.
0:50 of 1st overtime period - Stopped by Stuart Skinner with a rebound.
0:52 of 1st overtime period - Snap shot by Tucker Poolman.
0:52 of 1st overtime period - Shot Misses the Net.
0:54 of 1st overtime period - Slapshot by Timothy Liljegren.
0:54 of 1st overtime period - Deflect By Chris Tierney.
0:54 of 1st overtime period - Deflect By Cam York.
0:54 of 1st overtime period - Shot Misses the Net.
0:54 of 1st overtime period - Puck is out of play.
0:55 of 1st overtime period - Derek Grant wins face-off versus Teddy Blueger in Espoo Blues zone.
0:59 of 1st overtime period - Icing by Mattias Samuelsson.
1:00 of 1st overtime period - Derek Grant wins face-off versus Teddy Blueger in Espoo Blues zone.
2:40 of 1st overtime period - Michael Stone is hit by Zach Aston-Reese and loses puck.
3:23 of 1st overtime period - Wrist shot by Chris Tierney.
3:23 of 1st overtime period - Stopped by Stuart Skinner with a rebound.
Goals for this period are 0 for Havana Tropicals vs 0 for Espoo Blues.
Shots for this period are 2 for Havana Tropicals vs 0 for Espoo Blues.
ShootOut
5:00 of 1st overtime period - Round #1.
5:00 of 1st overtime period - Havana Tropicals, Teddy Blueger.
5:00 of 1st overtime period - Snap shot by Teddy Blueger.
5:00 of 1st overtime period - Stopped by Stuart Skinner.
5:00 of 1st overtime period - Espoo Blues, Stefan Noesen.
5:00 of 1st overtime period - Backhand shot by Stefan Noesen.
5:00 of 1st overtime period - Stopped by Arvid Soderblom.
5:00 of 1st overtime period - Round #2.
5:00 of 1st overtime period - Havana Tropicals, Pierre-Edouard Bellemare.
5:00 of 1st overtime period - Snap shot by Pierre-Edouard Bellemare.
5:00 of 1st overtime period - Shot Misses the Net.
5:00 of 1st overtime period - Espoo Blues, Patric Hornqvist.
5:00 of 1st overtime period - Deke by Patric Hornqvist.
5:00 of 1st overtime period - Stopped by Arvid Soderblom.
5:00 of 1st overtime period - Round #3.
5:00 of 1st overtime period - Havana Tropicals, Chris Tierney.
5:00 of 1st overtime period - Deke by Chris Tierney.
5:00 of 1st overtime period - Shot Misses the Net.
5:00 of 1st overtime period - Espoo Blues, Joe Snively.
5:00 of 1st overtime period - Snap shot by Joe Snively.
5:00 of 1st overtime period - Stopped by Arvid Soderblom.
5:00 of 1st overtime period - Round #4.
5:00 of 1st overtime period - Havana Tropicals, Zach Aston-Reese.
5:00 of 1st overtime period - Deke by Zach Aston-Reese.
5:00 of 1st overtime period - Shot Misses the Net.
5:00 of 1st overtime period - Espoo Blues, Brendan Lemieux.
5:00 of 1st overtime period - Snap shot by Brendan Lemieux.
5:00 of 1st overtime period - Stopped by Arvid Soderblom.
5:00 of 1st overtime period - Round #5.
5:00 of 1st overtime period - Havana Tropicals, Milan Lucic.
5:00 of 1st overtime period - Snap shot by Milan Lucic.
5:00 of 1st overtime period - Stopped by Stuart Skinner.
5:00 of 1st overtime period - Espoo Blues, Viktor Lodin.
5:00 of 1st overtime period - Wrist shot by Viktor Lodin.
5:00 of 1st overtime period - Stopped by Arvid Soderblom.
5:00 of 1st overtime period - Round #6.
5:00 of 1st overtime period - Havana Tropicals, Pavel Dorofeyev.
5:00 of 1st overtime period - Snap shot by Pavel Dorofeyev.
5:00 of 1st overtime period - Shot Misses the Net.
5:00 of 1st overtime period - Espoo Blues, Derick Brassard.
5:00 of 1st overtime period - Deke by Derick Brassard.
5:00 of 1st overtime period - Stopped by Arvid Soderblom.
5:00 of 1st overtime period - Round #7.
5:00 of 1st overtime period - Havana Tropicals, Alexander Nylander.
5:00 of 1st overtime period - Wrist shot by Alexander Nylander.
5:00 of 1st overtime period - Shot Misses the Net.
5:00 of 1st overtime period - Espoo Blues, Fredrik Karlstrom.
5:00 of 1st overtime period - Deke by Fredrik Karlstrom.
5:00 of 1st overtime period - Stopped by Arvid Soderblom.
5:00 of 1st overtime period - Round #8.
5:00 of 1st overtime period - Havana Tropicals, Nolan Foote.
5:00 of 1st overtime period - Wrist shot by Nolan Foote.
5:00 of 1st overtime period - Goal by Nolan Foote.
5:00 of 1st overtime period - Espoo Blues, Gavin Bayreuther.
5:00 of 1st overtime period - Deke by Gavin Bayreuther.
5:00 of 1st overtime period - Stopped by Arvid Soderblom.
Back to the Top